 Dungeon Crawl Stone Soup version 0.31-a0-234-gad7ace16ef (webtiles) character file.

Game seed: 5441323692899333883

93 qw the Shooter (level 4, -4/26 HPs)
             Began as a Gargoyle Hexslinger on July 9, 2023.
             Slain by a gnoll
             ... wielding a +2 halberd of venom
              (13 damage)
             ... on level 2 of the Dungeon.
             The game lasted 00:00:41 (1195 turns).

qw the Shooter (Gargoyle Hexslinger)                Turns: 1195, Time: 00:00:41

Health: -4/26      AC:  9    Str: 12    XL:     4   Next: 61%
Magic:  5/5        EV: 10    Int: 13    God:
Gold:   97         SH:  0    Dex: 14    Spells: 4/5 levels left

rFire   . . .        Y - +1 sling (flame)
rCold   . . .        (no shield)
rNeg    + . .        g - +0 ring mail
rPois   inf          (no helmet)
rElec   +            f - +0 cloak
rCorr   .            (no gloves)
SInv    .            (no boots)
Will    .....        (no amulet)
Stlth   +            (no ring)
HPRegen 0.24/turn    (no ring)
MPRegen 0.09/turn

%: no passive effects
@: no status effects
A: sickness immunity, AC +3, negative energy resistance 1, electricity
resistance, torment resistance 1, petrification resistance
a: no special abilities


You were on level 2 of the Dungeon.
You visited 1 branch of the dungeon, and saw 2 of its levels.

You collected 97 gold pieces.


Innate Abilities, Weirdness & Mutations

You are immune to sickness and miasma.
Your stone body is resilient. (AC +3)
You are immune to poison.
You resist negative energy. (rN+)
You are resistant to electric shocks. (rElec)
You are resistant to unholy torment.
You are immune to petrification.


   Skills:
 - Level 2.0 Fighting
 + Level 4.1 Ranged Weapons
 - Level 1.2 Armour
 - Level 1.5 Dodging
 - Level 1.0 Spellcasting
 - Level 2.6 Hexes


You had 4 spell levels left.
You knew the following spells:

 Your Spells              Type           Power      Damage    Failure   Level
a - Slow                  Hex            28%        N/A       22%         1

Your spell library contained the following spells:

 Spells                   Type           Power      Damage    Failure   Level
 Inner Flame              Hex/Fire       4%         N/A       73%         3
 Portal Projectile        Hex/Tloc       8%         N/A       73%         3
 Cause Fear               Hex            3%         N/A       91%         4

Inventory:

Hand Weapons
 Y - a +1 sling of flaming (weapon)
Armour
 f - a +0 cloak (worn)
 g - a +0 ring mail (worn)
Scrolls
 c - 2 scrolls of identify {unknown}
Potions
 b - a potion of haste {unknown}
 d - a potion of resistance {unknown}
 h - a potion of heal wounds
 i - 3 potions of degeneration {unknown}
 j - a potion of ambrosia {unknown}

Dungeon Overview and Level Annotations

Branches:
Dungeon (2/15)

Altars:


Message History

Enter note:
Enter note:
Enter note:
Enter note:
Enter note: You shoot a sling bullet.
The sling bullet closely misses the giant cockroach.
You shoot a sling bullet.
The sling bullet hits the giant cockroach.
The sling bullet burns the giant cockroach.
The giant cockroach is almost dead.
A gnoll comes into view. It is wielding a +2 halberd of venom.
The giant cockroach bites you.
You shoot a sling bullet.
The sling bullet closely misses the giant cockroach.
The giant cockroach closely misses you.
The giant cockroach bites you but does no damage.
You shoot a sling bullet.
The sling bullet barely misses the giant cockroach.
The giant cockroach bites you but does no damage.
You shoot a sling bullet.
The sling bullet hits the giant cockroach!
The sling bullet burns the giant cockroach.
You kill the giant cockroach!
The orc closely misses you.
You shoot a sling bullet. The sling bullet barely misses the orc.
The sling bullet closely misses the gnoll.
The orc hits you but does no damage.
The gnoll hits you from afar with a +2 halberd of venom.
The orc hits you with a +0 war axe!
You shoot a sling bullet. The sling bullet barely misses the orc.
The sling bullet hits the gnoll but does no damage.
The orc closely misses you.
The gnoll hits you from afar with a +2 halberd of venom!
You shoot a sling bullet. The sling bullet barely misses the orc.
The sling bullet hits the gnoll but does no damage.
The orc hits you but does no damage.
The gnoll hits you from afar with a +2 halberd of venom!
Ouch! That really hurt!
You die...

................................#
.#..##.........##################
###.##.........# %..............#
...............##
................#
....<%..........#
..........##....####
...........##.#.@..#
......(..###....o#.#
)..........###.#g# #
........####.....# #.........
####... #.#.#....# ..>#.
.......... .#.## ..#.#..... ..#.#
......#


You could see a gnoll and an orc.

Vanquished Creatures
  3 adders
  A worm (D:2)
  A dart slug (D:1)
  An orc (D:2)
  4 ball pythons
  4 bats (D:1)
  3 endoplasms
  5 giant cockroaches
  8 hobgoblins
  10 jackals (D:2)
  2 quokkas (D:1)
  4 goblins
  2 kobolds (D:2)
  3 rats (D:1)
51 creatures vanquished.

Notes
Turn   | Place    | Note
-------+----------+-------------------------------------------
     0 | D:1      | qw the Gargoyle Hexslinger began the quest for the Orb.
     0 | D:1      | Reached XP level 1. HP: 12/12 MP: 2/2
     0 | D:1      | 0 ||| qw: Version: 0.3-a-51-g015441d
     0 | D:1      | 0 ||| qw: Game counter: 4220
     0 | D:1      | 0 ||| qw: Melee chars always use a shield: true
     0 | D:1      | 0 ||| qw: God list: Okawaru
     0 | D:1      | 0 ||| qw: Allow faded altars: false
     0 | D:1      | 0 ||| qw: Do Orc after clearing Dungeon:15 true
     0 | D:1      | 0 ||| qw: Do second Lair branch before Depths: true
     0 | D:1      | 0 ||| qw: Lair rune preference: random
     0 | D:1      | 0 ||| qw: Goals: Normal
     0 | D:1      | 0 ||| PLANNING D:1-11
    37 | D:1      | Reached XP level 2. HP: 14/16 MP: 3/3
   141 | D:1      | Reached skill level 3 in Ranged Weapons
   495 | D:1      | Reached XP level 3. HP: 21/21 MP: 4/4
   696 | D:1      | 696 ||| UPGRADING to +0 cloak.
   701 | D:1      | 701 ||| UPGRADING to +0 ring mail.
   711 | D:1      | 711 ||| DROPPING +0 robe.
   712 | D:1      | 712 ||| READING scroll labelled RIGEUMPIGETH.
   713 | D:1      | 713 ||| READING 2 scrolls labelled ATULIN IJER.
   714 | D:1      | 714 ||| DRINKING 2 yellow potions.
   715 | D:1      | 715 ||| DROPPING scroll of poison.
   716 | D:1      | 716 ||| DROPPING scroll of noise.
   758 | D:2      | 758 ||| STAIRDANCE
   766 | D:1      | Reached skill level 1 in Armour
   812 | D:2      | Reached XP level 4. HP: 24/26 MP: 5/5
  1069 | D:2      | 1069 ||| READING scroll labelled WATE FODEUDIPT.
  1073 | D:2      | Reached skill level 4 in Ranged Weapons
  1111 | D:2      | Found a faded altar of an unknown god.
  1195 | D:2      | Slain by a gnoll

Levels and vault maps discovered:
D:1:      wander_arrival_desolate, layout_basic, minmay_splitting_lines,
          hangedman_glass_garden, hangedman_decor_peaks_small
D:2:      layout_rooms, hellmonk_ecumenical_altar_defaced_shrine, serial_glass,
          glass_columns_a, glass_columns_a, glass_columns_a, glass_columns_b,
          glass_columns_a, glass_columns_c, minmay_worlds_worst_comb

Skill      XL: |  1  2  3  4 |
---------------+-------------+-----
Ranged Weapons | 3 4 |  4.1
Fighting       | 2 |  2.0
Armour         | 1 |  1.2
Dodging        | |  1.5
Spellcasting   | |  1.0
Hexes          | |  2.6

Action                     |  1- 3 |  4- 6 || total
---------------------------+-------+-------++-------
   Fire: Sling             |   104 |    70 ||   174
    Use: Scroll            |     2 |     1 ||     3
         Potion            |     1 |       ||     1
 Armour: Robe              |    12 |       ||    12
         Ring mail         |    27 |    34 ||    61
  Dodge: Dodged            |    56 |    21 ||    77

Table legend:
 A = Non-vault XP
 B = Vault XP
 C = Vault XP percentage of total XP
 D = Non-vault monster count
 E = Vault monster count
 F = Vault count percentage of total count
                 A         B        C        D         E       F
            +---------+---------+-------+---------+---------+-------
      Total |     122 |      11 |   8.3 |      46 |       5 |   9.8
            +---------+---------+-------+---------+---------+-------
        D:1 |      54 |       4 |   6.9 |      23 |       2 |   8.0
        D:2 |      68 |       7 |   9.3 |      23 |       3 |  11.5
            +---------+---------+-------+---------+---------+-------
